 Dungeon Crawl Stone Soup version 0.22.2-1-ge965b3aba3 (webtiles) character file.

777 theanonym the Slasher (level 7, 0/55 HPs)
             Began as a Mummy Enchanter on Aug 31, 2021.
             Slain by an ogre
             ... wielding a +0 giant club
              (22 damage)
             ... on level 6 of the Dungeon.
             The game lasted 00:05:59 (4436 turns).

theanonym the Slasher (Mummy Enchanter)             Turns: 4436, Time: 00:06:00

Health: 0/55       AC: 11    Str: 14    XL:     7   Next: 54%
Magic:  11/11      EV:  6    Int: 14    God:
Gold:   245        SH:  0    Dex: 12    Spells: 10/11 levels left

rFire    x . .     SeeInvis .   a - +1 long sword (elec)
rCold    + + .     Gourm    .   (no shield)
rNeg     + + +     Faith    .   c - +0 chain mail
rPois    ∞         Spirit   .   k - +2 hat
rElec    .         Reflect  .   h - +0 cloak
rCorr    .         Harm     .   (no gloves)
MR       .....                  (no boots)
Stlth    ..........             e - amulet of regeneration
HPRegen  0.58/turn              g - ring of protection from cold
MPRegen  0.12/turn              (no ring)

@: no status effects
A: no food or potions, fire vulnerability, cold resistance 1, negative energy
resistance 3, torment resistance, unbreathing
a: no special abilities


Innate Abilities, Weirdness & Mutations

You do not eat or drink.
Your flesh is vulnerable to fire.
You are immune to poison.
Your flesh is cold resistant. (rC+)
You are immune to negative energy. (rN+++)
You are immune to unholy pain and torment.
You can survive without breathing.


   Skills:
 + Level 4.6 Fighting
   Level 2.9(4.2) Short Blades
 * Level 4.7(5.1) Long Blades
 - Level 1.5 Dodging
 - Level 2.4 Stealth
 - Level 2.6 Spellcasting
 - Level 2.6 Hexes


You had 10 spell levels left.
You knew the following spells:

 Your Spells              Type           Power        Failure   Level  Hunger
a - Corona                Hex            #......      92%         1    N/A

Your spell library contained the following spells:

 Spells                   Type           Power        Failure   Level  Hunger
 Ensorcelled Hibernation  Hex/Ice        #.....       99%         2    N/A
 Confuse                  Hex            #.......     100%        3    N/A
 Dazzling Spray           Conj/Hex       #.....       100%        3    N/A
 Tukima's Dance           Hex            #.......     100%        3    N/A

Skill      XL: |  1  2  3  4  5  6  7 |
---------------+----------------------+-----
Short Blades   | 1 2 |  2.9
Fighting       | 1 2 3 4 |  4.6
Long Blades    | 1 2 3 4 |  4.7
Dodging        | |  1.5
Stealth        | |  2.4
Spellcasting   | |  2.6
Hexes          | |  2.6

Action                   |  1- 3 |  4- 6 |  7- 9 || total
-------------------------+-------+-------+-------++-------
Melee: Dagger            |   186 |   118 |       ||   304
       Falchion          |       |    79 |       ||    79
       Long sword        |       |    88 |    64 ||   152
Evoke: Wand              |       |     1 |     1 ||     2
  Use: Scroll            |     2 |     4 |       ||     6
Armor: Robe              |     6 |       |       ||     6
       Chain mail        |    99 |   185 |    49 ||   333
Dodge: Dodged            |    64 |    86 |    17 ||   167
       Rpst.: Falchion   |       |     6 |       ||     6
       Long sword        |       |     7 |     4 ||    11

Inventory:

Hand Weapons
 a - a +1 long sword of electrocution (weapon)
   (You took it off an orc on level 3 of the Dungeon)
Armour
 c - a +0 chain mail (worn)
   (You found it on level 1 of the Dungeon)
 h - a +0 cloak (worn)
   (You found it on level 3 of the Dungeon)
 k - a +2 hat (worn)
   (You found it on level 4 of the Dungeon)
Jewellery
 e - an amulet of regeneration (around neck)
   (You found it on level 1 of the Dungeon)
 f - an uncursed ring of ice
   (You found it on level 1 of the Dungeon)
 g - a ring of protection from cold (left hand)
   (You found it on level 4 of the Dungeon)
 j - an uncursed ring of wizardry
   (You took it off an orc wizard on level 3 of the Dungeon)
Wands
 l - a wand of random effects (31)
   (You found it on level 5 of the Dungeon)
 o - a wand of flame (10)
   (You took it off an orc on level 5 of the Dungeon)
Scrolls
 b - a scroll of blinking {unknown}
 d - 2 scrolls of amnesia {unknown}
 i - a scroll of fog {unknown}
 m - a scroll of noise {unknown}
 n - 6 scrolls of remove curse
 p - a scroll of magic mapping {unknown}
 t - 4 scrolls of teleportation {!r}


You were on level 6 of the Dungeon.
You were not hungry.

You visited 1 branch of the dungeon, and saw 6 of its levels.

You collected 245 gold pieces.

Dungeon Overview and Level Annotations

Branches:
Dungeon (6/15)
 Temple: D:4-7

Altars:
Elyvilon
Fedhas
Uskayaw
Zin

Shops:
D:5 (   D:6 }

Annotations:
D:2 1 runed door

...........'.........'.......###
####....####.........#.........#
#.#.## ##.......##.###.#.#.#
#.### ##.....###.# ###.#.# #.
##....###.# ###.#.# #. #
##'#..##.###...#.# ##.
#.##.8..∩..8.##.#
.##...#.#####.###.## .#
.......@# #.###.###.# ###....O.#
#.........# ##......#
#####.##### #?#...... #.#
.$.....#... ..# .##.#...#.#.#
### # ...... ..# # ##..# ###


You could see an ogre.

Notes
Turn   | Place    | Note
-------+----------+-------------------------------------------
     0 | D:1      | theanonym the Mummy Enchanter began the quest for the Orb.
     0 | D:1      | Reached XP level 1. HP: 13/13 MP: 4/4
    38 | D:1      | HP: 6/13 [dart slug/slug dart (2)]
    39 | D:1      | Reached skill level 1 in Short Blades
   231 | D:1      | HP: 4/14 [kobold/dagger (5)]
   232 | D:1      | HP: 1/14 [kobold/dagger (3)]
   578 | D:1      | Reached XP level 2. HP: 20/20 MP: 5/5
   711 | D:1      | Reached skill level 1 in Fighting
   996 | D:1      | Reached skill level 2 in Short Blades
  1046 | D:1      | Reached XP level 3. HP: 21/26 MP: 7/7
  1200 | D:2      | Noticed Jessica
  1250 | D:2      | Killed Jessica
  1316 | D:2      | Reached XP level 4. HP: 27/33 MP: 8/8
  1358 | D:2      | Noticed a dagger
  1359 | D:2      | Found a hide-covered altar of Uskayaw.
  1359 | D:2      | Noticed a hand axe
  1398 | D:2      | Reached skill level 2 in Fighting
  1484 | D:2      | Found a runed door.
  1580 | D:2      | HP: 16/33 [worm (5)]
  1588 | D:2      | HP: 13/33 [worm (6)]
  2073 | D:3      | Found a glowing silver altar of Zin.
  2336 | D:3      | Found a white marble altar of Elyvilon.
  2386 | D:3      | Reached skill level 1 in Long Blades
  2386 | D:3      | Reached XP level 5. HP: 37/39 MP: 9/9
  3021 | D:4      | Reached skill level 3 in Fighting
  3021 | D:4      | Reached skill level 2 in Long Blades
  3052 | D:4      | Found a blossoming altar of Fedhas.
  3134 | D:4      | Noticed a phantom
  3157 | D:4      | Killed a phantom
  3157 | D:4      | Reached XP level 6. HP: 29/47 MP: 10/10
  3232 | D:4      | Identified the cursed +3 dagger of the Egg {pierce, Int+2}
                  | (You found it on level 4 of the Dungeon)
  3270 | D:4      | Reached skill level 3 in Long Blades
  3621 | D:5      | Entered Level 5 of the Dungeon
  3642 | D:5      | Noticed Menkaure
  3651 | D:5      | Noticed an ice beast
  3652 | D:5      | Killed Menkaure
  3652 | D:5      | Reached skill level 4 in Fighting
  3652 | D:5      | Reached XP level 7. HP: 35/54 MP: 11/11
  3661 | D:5      | Reached skill level 4 in Long Blades
  3980 | D:5      | Found Butz's Weapon Shoppe.
  4335 | D:6      | Found Tetzy's Gadget Shoppe.
  4431 | D:6      | HP: 18/55 [ogre/giant club (14)]
  4436 | D:6      | Slain by an ogre

Vanquished Creatures
  Menkaure (D:5)
  An ice beast (D:5)
  2 phantoms (D:4)
  A sky beast (D:5)
  A scorpion (D:4)
  A crimson imp (D:5)
  An orc wizard (D:3)
  Jessica (D:2)
  5 adders
  A white imp (D:5)
  An ooze (D:3)
  An adder zombie (D:5)
  4 worms
  A dart slug (D:1)
  2 leopard geckos
  12 orcs
  13 bats
  3 giant cockroaches (D:2)
  5 goblins
  7 hobgoblins
  6 jackals
  5 quokkas
  A ball python skeleton (D:4)
  4 frilled lizards
  9 kobolds
  A quokka skeleton (D:5)
  11 rats
101 creatures vanquished.

Vanquished Creatures (others)
  2 orcs (D:3)
  A quokka (D:3)
3 creatures vanquished.

Grand Total: 104 creatures vanquished

Table legend:
 A = Turns spent in this place as a percentage of turns spent in the entire game.
 B = Non-inter-level travel turns spent in this place as a percentage of non-inter-level travel turns spent in the entire game.
 C = Inter-level travel turns spent in this place as a percentage of turns spent in this place.
 D = Turns resting spent in this place as a percentage of non-inter-level travel turns spent in this place.
 E = Turns spent auto-exploring this place as a percentage of non-inter-level travel turns spent in this place.
 F = Non-inter-level travel turns spent in this place divided by the number of levels of this place that you've seen.
                   A       B       C       D       E      F
               +-------+-------+-------+-------+-------+----------------------
         Total | 100.0 | 100.0 |   5.9 |  16.6 |  60.6 | 696.0
       Dungeon | 100.0 | 100.0 |   5.9 |  16.6 |  60.6 | 696.0
               +-------+-------+-------+-------+-------+----------------------
